AoeStats
← lahwy

Pilgrims

510083064Analyzed
2v2 RM · 1d ago on Sep 29, 2026· 50m 28s· 4 players
Game mode
Random Map
Map size
Medium (4 player)
Population
200
Speed
Normal
Resources
Standard
Victory
Conquest
Starting age
Dark Age
Ending age
Imperial Age
RankedLock teamsTeams togetherTeam positionsShared explorationLock speedFull tech treeHidden civsTurbo modeCheats
Victory
Defeat
🇸🇰 Persians · Slovakia
802
+12
🇨🇳 Spanish · China
801
+12
🇨🇿 Bohemians · Czechia
718
-12
🇨🇿 Burgundians · Czechia
710
-12
Šimon
3:13 Loom
10:04 Feudal Age
11:16 Wheelbarrow
10:35 Horse Collar
10:37 Fishing Lines
15:40 Gold Mining
15:42 Stone Mining
21:21 Castle Age
22:03 Hand Cart
21:50 Gillnets
22:38 Gold Shaft Mining
21:54 Double-Bit Axe
25:59 Stone Shaft Mining
30:06 Pikeman
30:46 Squires
31:55 Padded Archer Armor
31:46 Fletching
32:06 Forging
31:57 Scale Mail Armor
33:47 Crossbowman
34:33 Thumb Ring
35:02 Bow Saw
34:56 Heavy Plow
36:38 Devotion
36:58 Leather Archer Armor
36:38 Bodkin Arrow
37:18 Iron Casting
36:49 Scale Barding Armor
43:36 Imperial Age
44:54 Two-Man Saw
44:27 Crop Rotation
44:54 Ring Archer Armor
46:25 Chemistry
48:55 Hoardings
49:02 Elite War Elephant
331165679
13:30 Feudal Age
14:07 Double-Bit Axe
14:06 Fishing Lines
14:26 Stone Mining
18:31 Castle Age
16:29 Horse Collar
17:40 Gold Mining
21:20 Stone Shaft Mining
20:49 Heavy Plow
21:06 Bow Saw
20:49 Gillnets
21:16 Fletching
21:26 Padded Archer Armor
24:57 Wheelbarrow
31:03 Imperial Age
30:31 Inquisition
31:24 Hand Cart
32:38 Leather Archer Armor
32:19 Bodkin Arrow
34:43 Conscription
34:31 Husbandry
34:42 Bloodlines
35:38 Scale Barding Armor
35:43 Cavalier
37:11 Forging
39:56 Chain Barding Armor
40:12 Iron Casting
41:56 Supremacy
42:47 Paladin
44:24 Plate Barding Armor
44:50 Blast Furnace
49:51 Elite Conquistador
lahwy
5:16 Loom
12:22 Feudal Age
13:00 Double-Bit Axe
12:57 Horse Collar
22:44 Castle Age
21:14 Fletching
21:18 Arson
22:28 Forging
22:18 Scale Mail Armor
22:19 Padded Archer Armor
24:39 Bow Saw
24:32 Heavy Plow
26:17 Elite Skirmisher
27:00 Squires
26:20 Pikeman
28:17 Bodkin Arrow
33:42 Wheelbarrow
32:53 Town Watch
34:28 Town Patrol
38:36 Hand Cart
40:02 Ballistics
42:58 Wagenburg Tactics
46:06 Imperial Age
47:53 Two-Man Saw
47:06 Elite Hussite Wagon
47:58 Bracer
49:17 Halberdier
50:37 Leather Archer Armor
50:37 Chain Mail Armor
50:58 Iron Casting
LangyMeister
8:12 Loom
11:49 Feudal Age
12:12 Double-Bit Axe
14:00 Fishing Lines
14:58 Bow Saw
15:55 Gillnets
18:29 Gold Mining
18:30 Horse Collar
19:11 Heavy Plow
25:26 Castle Age
29:09 Fortified Wall
28:58 Murder Holes
32:36 Gold Shaft Mining
34:57 Demolition Ship
43:53 Imperial Age
42:44 Forging
42:39 Scale Barding Armor
Connection lost

Rejoining the realm…

Still unreachable

The connection could not be restored.

Session expired

The server has moved on; the page needs a fresh start.